 Dungeon Crawl Stone Soup version 0.29.0-13-gc9e81de378 (webtiles) character file.

Game seed: 10688733942436828041

103 NinjaNoafa the Changer (level 4, -3/32 HPs)
             Began as a Merfolk Transmuter on Sept 8, 2022.
             Killed from afar by Sigmund (11 damage)
             ... with a puff of flame
             ... on level 2 of the Dungeon.
             The game lasted 00:06:37 (2217 turns).

NinjaNoafa the Changer (Merfolk Transmuter)         Turns: 2217, Time: 00:06:37

Health: -3/32      AC:  4    Str: 10    XL:     4   Next: 79%
Magic:  16/17      EV: 12    Int: 14    God:
Gold:   211        SH:  0    Dex: 14    Spells: 6/9 levels left

rFire   . . .      SeeInvis .     - Unarmed
rCold   + . .      Faith    .   (no shield)
rNeg    . . .      Spirit   .   c - +2 robe {rC+}
rPois   .          Reflect  .   (helmet currently unavailable)
rElec   .          Harm     .   (no cloak)
rCorr   .          Rampage  .   (no gloves)
Will    +....                   (boots currently unavailable)
Stlth   +.........              (no amulet)
HPRegen 0.10/turn               l - ring of magical power
MPRegen 0.15/turn               m - ring of willpower

@: appendages (expiring), wereblooded
A: horns 2, (nimble swimmer 2), mertail
a: End Transformation


You were on level 2 of the Dungeon.
You had temporarily grown beastly horns.
You visited 1 branch of the dungeon, and saw 2 of its levels.

You collected 211 gold pieces.

Inventory:

Missiles
 f - 4 poisoned darts
 i - 14 stones
Armour
 c - a +2 robe of cold resistance (worn)
 q - a +1 helmet (melded)
Jewellery
 l - a ring of magical power (left hand)
 m - a ring of willpower (right hand)
Scrolls
 a - a scroll of teleportation {unknown}
 d - 3 scrolls of identify {unknown}
 e - a scroll of acquirement {unknown}
 g - a scroll of torment {unknown}
 j - a scroll of brand weapon {unknown}
Potions
 b - a potion of lignification
 h - a potion of magic {unknown}
 k - a potion of heal wounds
 o - a potion of curing {unknown}
 p - 2 potions of mutation {unknown}


   Skills:
 - Level 1.1 Fighting
 - Level 2.6 Dodging
 - Level 3.2 Unarmed Combat
 - Level 3.0 Spellcasting
 + Level 4.3 Transmutations
 + Level 2.5 Ice Magic


You had 6 spell levels left.
You knew the following spells:

 Your Spells              Type           Power      Damage    Failure   Level
a - Beastly Appendage     Tmut           28%        N/A       3%          1
b - Wereblood             Tmut           14%        N/A       5%          2

Your spell library contained the following spells:

 Spells                   Type           Power      Damage    Failure   Level
 Spider Form              Tmut/Pois      8%         N/A       26%         3
 Ice Form                 Ice/Tmut       11%        N/A       45%         4


Dungeon Overview and Level Annotations

Branches:
Dungeon (2/15)

Altars:

Annotations:
D:2 Sigmund


Innate Abilities, Weirdness & Mutations

You have temporarily grown beastly horns.
((You are very nimble when in or above water. (Stealth+, EV+, Speed+++)))
Your lower body shifts to a powerful aquatic tail in water.


Message History

You extend your transformation's duration.
The bat closely misses you.
Casting: Beastly Appendage (safe; 3% risk of failure)
Confirm with . or Enter, or press ? or * to list all spells.
Your blood is infused with primal strength.
The bat hits you but does no damage.
You barely miss the bat. You headbutt the bat.
You kill the bat!
You closely miss the hobgoblin. You headbutt the hobgoblin.
The hobgoblin is almost dead.
The hobgoblin hits you but does no damage.
You hit the hobgoblin.
You kill the hobgoblin!
You howl as the wereblood boils in your veins!
Sigmund casts a spell.
Sigmund flickers and vanishes!
Deactivating autopickup; reactivate with Ctrl-A.
You howl as the wereblood boils in your veins!
You hear some strange, mumbled words.
A puff of flame appears from out of thin air!
The puff of flame hits you.
Things that are here:
a hobgoblin corpse; a bat corpse You miss something.
Something hits you but does no damage.
You hit something. You closely miss something.
Something hits you but does no damage.
You hit something. You headbutt something. Something hits you.
You miss something. You hit something.
Your transformation is almost over.
Something hits you.
You hit something. Something hits you!
* * * LOW HITPOINT WARNING * * *
You closely miss something.
You howl as the wereblood boils in your veins!
You barely miss something. Your headbutt misses something.
You hear some strange, mumbled words.
A puff of flame appears from out of thin air!
The puff of flame hits you!
You die...

#########.##.##.# #
#####.##....# .... #
#........>### .... #
#.###.####....# ..@.. #
#.# #.# .##.# ..... #
#.###)####.# ...... #
###.......)..# ###.....^
#
#.......#########........
#
#.####..<...#.@{.........
# #.#
#.####.#.####....... #
#.# #.# #.#.# .#..... #
#.# #.# #...# .# .### #
#.####.# #...# .. # #
#......# ##### ##
########


There were no monsters in sight!

Vanquished Creatures
  Natasha (D:2)
  Robin (D:2)
  An adder (D:2)
  2 worms (D:2)
  A ball python (D:1)
  An endoplasm (D:1)
  4 giant cockroaches
  10 goblins (D:2)
  8 hobgoblins
  2 jackals (D:1)
  3 kobolds (D:2)
  A quokka (D:1)
  4 bats
  5 frilled lizards (D:1)
  5 rats (D:1)
49 creatures vanquished.

Notes
Turn   | Place    | Note
-------+----------+-------------------------------------------
     0 | D:1      | NinjaNoafa the Merfolk Transmuter began the quest for the
                  | Orb.
     0 | D:1      | Reached XP level 1. HP: 15/15 MP: 3/3
    75 | D:1      | Reached XP level 2. HP: 12/21 MP: 3/5
   901 | D:2      | Noticed Natasha
   908 | D:2      | Noticed a crimson imp
   911 | D:2      | Killed Natasha
   912 | D:2      | Reached skill level 3 in Transmutations
   912 | D:2      | Reached skill level 1 in Ice Magic
   912 | D:2      | Reached XP level 3. HP: 12/26 MP: 5/7
  1508 | D:2      | Noticed Robin
  1517 | D:2      | Reached XP level 4. HP: 32/32 MP: 8/8
  1523 | D:2      | Killed Robin
  1537 | D:2      | Reached skill level 4 in Transmutations
  1929 | D:2      | Learned a level 2 spell: Wereblood
  2197 | D:2      | Noticed Sigmund
  2217 | D:2      | Killed from afar by Sigmund

Illustrated notes

Levels and vault maps discovered:
D:1:      minmay_arrival_stone_box, layout_basic, corexii_leaking_fountain
D:2:      layout_basic, minmay_tripent, uniq_sigmund, uniq_natasha, uniq_robin

Skill      XL: |  1  2  3  4 |
---------------+-------------+-----
Spellcasting   | 3 |  3.0
Transmutations | 3 4 |  4.3
Ice Magic      | 1 2 |  2.5
Fighting       | |  1.1
Dodging        | |  2.6
Unarmed Combat | |  3.2

Action                   |  1- 3 |  4- 6 || total
-------------------------+-------+-------++-------
Melee: Unarmed           |    78 |    85 ||   163
       Headbutt          |    12 |    10 ||    22
       Punch             |     1 |     1 ||     2
 Cast: Beastly Appendage |    19 |     7 ||    26
       Wereblood         |       |     1 ||     1
  Use: Potion            |     4 |       ||     4
 Stab: Sleeping          |     2 |       ||     2
Armor: Robe              |    39 |    21 ||    60
       Skin              |    14 |    90 ||   104
Dodge: Dodged            |    79 |    42 ||   121
